 Dungeon Crawl Stone Soup version 0.20.1-1-g8b1a95d (console) character file.

5926 hilaritas the Archer (level 10, -1/93 HPs)
             Began as a Centaur Hunter on Mar 24, 2018.
             Was a Priest of Qazlal.
             Slain by a wight
             ... wielding a cursed +2 battleaxe
              (13 damage)
             ... on level 9 of the Dungeon on Mar 25, 2018.
             The game lasted 00:36:44 (9514 turns).

hilaritas the Archer (Centaur Hunter)               Turns: 9514, Time: 00:36:45

Health: -1/93      AC:  7    Str: 19    XL:     10   Next: 53%
Magic:  14/16      EV: 10    Int: 14    God:    Qazlal [***...]
Gold:   14         SH:  4    Dex: 13    Spells: 9/9 levels left

rFire    . . .     SeeInvis +   z - +10 battleaxe {chop, rN+ Str+4 Int+4}
rCold    . . .     Gourm    .   (shield currently unavailable)
rNeg     + . .     Faith    .   c - +1 leather armour
rPois    .         Spirit   .   (no helmet)
rElec    .         Reflect  .   (no cloak)
rCorr    .         Harm     .   (no gloves)
MR       .....                  (no barding)
Stlth    +.........             (no amulet)
Regen    0.3/turn               J - ring of see invisible
MPRegen  0.2/turn               F - +2 ring of protection

@: marked, slowed, drained
A: hooves 3, deformed body, speed 2, tough skin 3
a: Upheaval, Elemental Force, Renounce Religion


You were on level 9 of the Dungeon.
You worshipped Qazlal.
Qazlal was most pleased with you.
You were not hungry.

You visited 1 branch of the dungeon, and saw 10 of its levels.

You collected 431 gold pieces.
You spent 417 gold pieces at shops.

Inventory:

Hand Weapons
 z - the +10 battleaxe of Innocence (weapon) {chop, rN+ Str+4 Int+4}
   (You bought it in a shop on level 6 of the Dungeon)

   It inflicts extra damage upon your enemies.
   It affects your strength (+4).
   It affects your intelligence (+4).
   It protects you from negative energy.
 A - a +2 shortbow of velocity
 G - a +0 flail of crushing
 L - a +0 longbow
Missiles
 d - 67 arrows
Armour
 c - a +1 leather armour (worn)
Jewellery
 C - an uncursed ring of protection from fire
 F - a +2 ring of protection (right hand)
 J - a ring of see invisible (left hand)
 K - an uncursed ring of fire
Wands
 g - a wand of paralysis (13/24)
 j - a wand of enslavement (9/24)
 E - a wand of confusion (32/48)
Scrolls
 a - a scroll of fear
 l - 3 scrolls of recharging
 q - 6 scrolls of remove curse
 r - a scroll of enchant weapon
 s - 4 scrolls of magic mapping
 u - 3 scrolls of teleportation
 y - a scroll of fog
Potions
 b - a potion of brilliance
 e - 5 potions of might
 h - 2 potions of berserk rage
 i - 2 potions of resistance
 m - a potion of ambrosia {unknown}
 n - 4 potions of curing
 t - a potion of invisibility {unknown}
 v - 2 potions of magic
 w - 2 potions of lignification {unknown}
 B - 2 potions of agility
 I - a potion of degeneration {unknown}
Books
 H - a book of Maledictions

   Spells                             Type                      Level
   a - Corona                         Hexes                        1
   b - Ensorcelled Hibernation        Hexes/Ice                    2
   c - Confuse                        Hexes                        3
   d - Tukima's Dance                 Hexes                        3
   e - Dazzling Spray                 Conjuration/Hexes            3
Comestibles
 f - 7 bread rations
 o - 10 royal jellies
 p - 6 meat rations
 x - 6 fruits
 D - a chunk of flesh


   Skills:
 - Level 10.0(9.1) Fighting
 - Level 14.5(13.5) Bows
 * Level 3.4(2.6) Dodging
 - Level 0.4(0.0) Stealth
 * Level 8.7(7.8) Invocations


You had 9 spell levels left.
You didn't know any spells.

Dungeon Overview and Level Annotations

Branches:
Dungeon (10/15)            Temple (0/1) D:5            Lair (0/6) D:8
    Orc: D:9-12

Altars:
Ashenzari
Gozag
Hepliaklqana
Kikubaaqudgha
Makhleb
Qazlal
Ru
Uskayaw

Shops:
D:6 (   D:9 =


Innate Abilities, Weirdness & Mutations

You have hooves in place of feet.
Armour fits poorly on your strangely shaped body.
You cover ground very quickly.
You have extremely tough skin. (AC +3)


Message History

Found a potion of resistance.
The wight barely misses you.
The alarm trap emits a blaring wail!
A sentinel's mark forms upon you.
There is a stone staircase leading down here.
The wight hits you from afar with an enchanted spear.
* * * LOW HITPOINT WARNING * * *
The wight closely misses you.
You see here 2 arrows.
You see here a scale mail.
There is a stone staircase leading up, spattered with blood here.
Things that are here:
a curare-tipped needle; 5 arrows You block the wight's attack.
The wight hits you but does no damage.
You climb upwards.
There is a stone staircase leading down, spattered with blood here.
Wield which item (- for none, * to show all)? (? for menu, Esc to quit)
z - the +10 battleaxe of Innocence (weapon)
{chop, rN+ Str+4 Int+4} The wight hits you with an enchanted battleaxe!
You die...

######### ######.......#
.............# ....####.....#
....# #.....# ###########
....####.....# ######..........
.####.#.###..#####..[.[[.))......
.# #.#.## #.....@z.####..........
.# ##.#)# #..####### #..........
.###.#.####..# #..........
....####.....# ####.###### ....#
#....## #..# ....####....# ##.##
............# #..# #...##.######
##.# #.####.# ######### ###.##
..###..######..(#...# #....#
..<.........'.#.###.# #....#


You could see a wight.

Vanquished Creatures
  Sonja (D:10)
  2 hippogriffs
  A basilisk (D:8)
  3 yaks
  2 hogs (D:7)
  A human (D:7)
  A water moccasin (D:5)
  2 ice beasts
  2 orc warriors (D:7)
  3 phantoms
  4 ogres
  6 centaurs
  A crocodile (D:8)
  5 bullfrogs
  3 scorpions
  7 wights
  3 howler monkeys
  2 bullfrog zombies
  7 crimson imps
  A hound (D:9)
  6 orc priests
  A bullfrog skeleton (D:6)
  2 jellies
  2 iguanas
  11 orc wizards
  7 worker ants
  2 hound skeletons
  A howler monkey zombie (D:7)
  A worker ant zombie (D:5)
  5 adders
  A howler monkey skeleton (D:7)
  A shadow imp (D:6)
  An ooze (D:3)
  An adder zombie (D:5)
  A worm (D:3)
  A dart slug (D:4)
  11 leopard geckos
  27 orcs
  2 ball pythons
  7 bats
  3 giant cockroaches
  10 goblins
  8 hobgoblins
  7 jackals
  3 quokkas
  2 frilled lizards
  A giant cockroach zombie (D:5)
  A jackal skeleton (D:4)
  A jackal zombie (D:7)
  10 kobolds
  2 quokka skeletons
  A quokka zombie (D:7)
  10 rats
  A plant (D:8)
208 creatures vanquished.

Vanquished Creatures (others)
  A plant (D:8)
1 creature vanquished.

Grand Total: 209 creatures vanquished

Notes
Turn   | Place    | Note
-------+----------+-------------------------------------------
     0 | D:1      | hilaritas the Centaur Hunter began the quest for the Orb.
     0 | D:1      | Reached XP level 1. HP: 17/17 MP: 1/1
   368 | D:1      | Reached XP level 2. HP: 24/24 MP: 2/2
   443 | D:1      | Reached skill level 6 in Bows
   876 | D:1      | Reached XP level 3. HP: 29/29 MP: 3/3
  1344 | D:2      | Reached skill level 7 in Bows
  1807 | D:3      | Noticed an ogre
  1817 | D:3      | Killed an ogre
  1817 | D:3      | Reached skill level 8 in Bows
  1817 | D:3      | Reached XP level 4. HP: 15/36 MP: 4/4
  1817 | D:3      | Reached XP level 5. HP: 18/41 MP: 5/5
  2135 | D:3      | Found an opulent altar of Gozag.
  2277 | D:3      | Found a hazy altar of Hepliaklqana.
  2411 | D:3      | Found a stormy altar of Qazlal.
  2421 | D:3      | Became a worshipper of Qazlal Stormbringer
  3126 | D:4      | Reached skill level 14 in Bows
  3126 | D:4      | Reached XP level 6. HP: 50/50 MP: 5/11
  3415 | D:4      | Reached XP level 7. HP: 52/57 MP: 12/12
  3525 | D:5      | Entered Level 5 of the Dungeon
  3603 | D:5      | Reached * piety under Qazlal
  3736 | D:5      | Found a sacrificial altar of Ru.
  4332 | D:5      | Reached XP level 8. HP: 67/67 MP: 13/13
  4350 | D:5      | Found a staircase to the Ecumenical Temple.
  4644 | D:6      | Reached skill level 5 in Fighting
  4837 | D:6      | Reached ** piety under Qazlal
  5280 | D:6      | Found Hysy's Antique Weapon Shop.
  5288 | D:6      | Bought a fine battleaxe for 207 gold pieces
  5288 | D:6      | Identified the +10 battleaxe of Innocence {chop, rN+ Str+4 Int+4} (You bought it in a shop on level 6 of the Dungeon)
  5402 | D:6      | Found a hide-covered altar of Uskayaw.
  5914 | D:7      | Reached XP level 9. HP: 63/75 MP: 15/15
  6464 | D:7      | Found an ancient bone altar of Kikubaaqudgha.
  6738 | D:7      | Reached *** piety under Qazlal
  6972 | D:7      | Found a stormy altar of Qazlal.
  6985 | D:7      | Found a burning altar of Makhleb.
  7195 | D:8      | Reached XP level 10. HP: 31/90 MP: 9/16
  7431 | D:8      | Found a staircase to the Lair.
  7677 | D:8      | Found a shattered altar of Ashenzari.
  8378 | D:9      | Found Ihaupnup's Jewellery Boutique.
  8386 | D:9      | Bought an uncursed ring of see invisible for 210 gold pieces
  8956 | D:10     | Entered Level 10 of the Dungeon
  8964 | D:10     | Noticed Sonja
  9098 | D:9      | Reached **** piety under Qazlal
  9108 | D:9      | HP: 9/91 [poisoned by Sonja (curare-tipped needle)]
  9115 | D:9      | HP: 9/91 [poisoned by Sonja (curare-tipped needle)]
  9476 | D:10     | Killed Sonja
  9485 | D:10     | Reached skill level 10 in Fighting
  9491 | D:10     | HP: 6/93 [crocodile (17)]
  9514 | D:9      | Slain by a wight

Skill      XL: |  1  2  3  4  5  6  7  8  9 10 |
---------------+-------------------------------+-----
Bows           | 6 8 14 | 14.5
Invocations    | 7 8 |  8.7
Fighting       | 3 4 6 8 10 | 10.0
Dodging        | 2 3 |  3.4
Stealth        | |  0.4

Action                   |  1- 3 |  4- 6 |  7- 9 | 10-12 || total
-------------------------+-------+-------+-------+-------++-------
Melee: Short sword       |    69 |    41 |       |       ||   110
       Kick              |     9 |    11 |    24 |     8 ||    52
       Dagger            |       |     1 |    67 |       ||    68
       Battleaxe         |       |       |    33 |    30 ||    63
 Fire: Shortbow          |    47 |    52 |   241 |   166 ||   506
Invok: Upheaval          |       |       |     2 |     2 ||     4
  Use: Scroll            |     5 |     9 |     4 |     6 ||    24
       Potion            |       |     1 |       |     2 ||     3
  Eat: Chunk             |     2 |     3 |     9 |     7 ||    21
Armor: Leather armour    |    13 |    12 |    26 |    18 ||    69
Dodge: Dodged            |    39 |    17 |    44 |    45 ||   145
Block: Other             |       |       |    14 |    11 ||    25
